 Dungeon Crawl Stone Soup version 0.19.0-20-gbc5f0c6 (webtiles) character file.

177 bombpersons the Charlatan (level 5, -3/35 HPs)
             Began as an Octopode Artificer on Nov 16, 2016.
             Slain by Cokeysmoke's ghost (11 damage)
             ... on level 3 of the Dungeon.
             The game lasted 00:19:07 (3906 turns).

bombpersons the Charlatan (Octopode Artificer)      Turns: 3906, Time: 00:19:07

Health: -3/35      AC:  1    Str: 13    XL:     5   Next: 57%
Magic:  8/8        EV: 13    Int: 13    God:
Gold:   124        SH:  0    Dex: 12    Spells: 0 memorised, 4 levels left

rFire  . . .     SeeInvis .     r - +2 short sword (flame)
rCold  . . .     Gourm    .     (no shield)
rNeg   . . .     Faith    .     (helmet restricted)
rPois  .         Spirit   .     (no amulet)
rElec  .         Reflect  .     o - ring of stealth
rCorr  .         Harm     .     (no ring)
MR     .....                    (no ring)
Stlth  ++++......               (no ring)
                                (no ring)
                                (no ring)
                                (no ring)
                                (no ring)

@: no status effects
A: almost no armour, stealthy swim, amphibious, 8 rings, constrict 8, camouflage
1, gelatinous body 1
a: no special abilities


You were on level 3 of the Dungeon.
You were not hungry.

You visited 1 branch of the dungeon, and saw 3 of its levels.

You collected 124 gold pieces.

Inventory:

Hand Weapons
 a - a +1 short sword
 f - a +0 hunting sling
 r - a +2 short sword of flaming (weapon)
 t - a cursed -3 short sword
Missiles
 h - 2 needles of confusion
Jewellery
 o - a ring of stealth (left tentacle)
Wands
 b - a wand of flame (0/48)
 c - a wand of enslavement (0/24)
 d - a wand of random effects (15/48)
Scrolls
 e - a scroll of fog {unknown}
 k - a scroll of fear {unknown}
 n - 3 scrolls of teleportation {unknown}
 s - a scroll of remove curse {unknown}
 u - 2 scrolls of blinking {unknown}
Potions
 g - 2 potions of agility
 i - a potion of might {unknown}
 j - a potion of cure mutation {unknown}
 l - 2 potions of heal wounds {unknown}
 m - 2 potions of haste {unknown}
 q - a potion of resistance {unknown}
 v - a potion of brilliance {unknown}
Comestibles
 p - a bread ration
 w - a slice of pizza


   Skills:
 + Level 2.4 Fighting
 + Level 1.4 Short Blades
 - Level 2.0 Dodging
 + Level 3.8 Stealth
 * Level 5.2 Evocations


You had 4 spell levels left.
You didn't know any spells.

Dungeon Overview and Level Annotations

Branches:
Dungeon (3/15)

Altars:

Annotations:
D:3 Cokeysmoke's ghost, amateur GrMo


Innate Abilities, Weirdness & Mutations

You cannot wear most types of armour.
You are very stealthy in the water. (Stealth+)
You are amphibious.
You can wear up to eight rings at the same time.
You can use your tentacles to constrict eight enemies at once.
Your skin changes colour to match your surroundings (Stealth+).
Your rubbery body absorbs attacks. (AC +1, EV +1)


Message History

Cokeysmoke's ghost is lightly damaged.
Cokeysmoke's ghost whispers, "There is no future for you."
Cokeysmoke's ghost barely misses you.
You hit Cokeysmoke's ghost but do no damage.
Cokeysmoke's ghost is lightly damaged.
Cokeysmoke's ghost hits you!
You closely miss Cokeysmoke's ghost.
You squeeze Cokeysmoke's ghost, but do no damage.
Cokeysmoke's ghost is lightly damaged.
Cokeysmoke's ghost hits you.
You hit Cokeysmoke's ghost but do no damage.
Cokeysmoke's ghost is lightly damaged.
Cokeysmoke's ghost closely misses you.
You hit Cokeysmoke's ghost but do no damage.
Your squeeze misses Cokeysmoke's ghost.
Cokeysmoke's ghost is lightly damaged.
Cokeysmoke's ghost hits you!
* * * LOW HITPOINT WARNING * * *
Cokeysmoke's ghost hits you!
You die...

#.# ..(........#.[....#
###.##### #.###............#
........####......##..W.....#
.##..##.# ....###.....<....$#
..##.##.##.#.####..#........#
..##.##....#.......##.......#
..........###.÷....##.......#
..†.....#.....##..###.#####.#
.....[..####..##@W# #..# .#
#...............<.####.# #
........#######.....##.#
##......##### ##..#....# #
####.......####..###..## .#
####..........####..###.####
# ####.........).)........# #
#...####...##......### #
#..#.....##..#......##


You could see Cokeysmoke's ghost.

Vanquished Creatures
  A howler monkey (D:3)
  6 adders (D:2)
  2 oozes (D:2)
  A dart slug (D:2)
  A leopard gecko (D:1)
  A ball python (D:2)
  3 giant cockroaches
  5 goblins
  7 hobgoblins
  6 jackals
  5 bats
  3 frilled lizards
  8 kobolds
  7 rats
56 creatures vanquished.

Vanquished Creatures (collateral kills)
  An adder (D:3)
  A worm (D:3)
  A leopard gecko (D:3)
  4 orcs (D:3)
  A ball python (D:3)
  A bat (D:3)
  A giant cockroach (D:3)
  A hobgoblin (D:2)
  A frilled lizard (D:3)
  A kobold (D:3)
13 creatures vanquished.

Grand Total: 69 creatures vanquished

Notes
Turn   | Place    | Note
-------+----------+-------------------------------------------
     0 | D:1      | bombpersons the Octopode Artificer began the quest for the Orb.
     0 | D:1      | Reached XP level 1. HP: 13/13 MP: 3/3
   504 | D:1      | Reached XP level 2. HP: 18/18 MP: 4/4
  1261 | D:2      | Reached skill level 4 in Evocations
  1261 | D:2      | Reached XP level 3. HP: 18/23 MP: 4/6
  2019 | D:2      | Reached XP level 4. HP: 26/28 MP: 7/7
  3131 | D:2      | Reached skill level 5 in Evocations
  3133 | D:2      | Reached XP level 5. HP: 34/34 MP: 8/8
  3185 | D:3      | Noticed Cokeysmoke's ghost (amateur GrMo)
  3906 | D:3      | Slain by Cokeysmoke's ghost

Skill      XL: |  1  2  3  4 |
---------------+-------------+-----
Stealth        | 2 3 |  3.8
Evocations     | 4 5 |  5.2
Fighting       | 2 |  2.4
Short Blades   | |  1.4
Dodging        | |  2.0

Action                   |  1- 3 |  4- 6 || total
-------------------------+-------+-------++-------
Melee: Short sword       |    80 |    46 ||   126
       Constrict         |    23 |     8 ||    31
       Tentacles         |    15 |     8 ||    23
Evoke: Wand              |     2 |    28 ||    30
  Use: Scroll            |     3 |     2 ||     5
 Stab: Sleeping          |     5 |     2 ||     7
       Betrayed ally     |     1 |       ||     1
  Eat: Meat ration       |     1 |       ||     1
       Bread ration      |     1 |       ||     1
Armor: Skin              |     6 |     2 ||     8
Dodge: Dodged            |    54 |    32 ||    86
